 Dungeon Crawl Stone Soup version 0.20.1-1-g8b1a95d (webtiles) character file.

123 ReteAZ the Chopper (level 4, 0/35 HPs)
             Began as a Demonspawn Fighter on Aug 20, 2017.
             Was an Initiate of Ru.
             Slain by a worker ant (2 damage)
             ... on level 4 of the Dungeon.
             The game lasted 00:05:20 (2875 turns).

ReteAZ the Chopper (Demonspawn Fighter)             Turns: 2875, Time: 00:05:22

Health: 0/35       AC: 12    Str: 18    XL:     4   Next: 80%
Magic:  4/4        EV:  7    Int:  9    God:    Ru [......]
Gold:   216        SH:  8    Dex: 12    Spells: 3/3 levels left

rFire    . . .     SeeInvis .   a - +0 war axe
rCold    . . .     Gourm    .   c - +0 shield
rNeg     . . .     Faith    .   b - +0 scale mail
rPois    .         Spirit   .   (helmet restricted)
rElec    .         Reflect  .   (no cloak)
rCorr    .         Harm     .   (no gloves)
MR       .....                  (no boots)
Stlth    ..........             (no amulet)
Regen    0.2/turn               (no ring)
MPRegen  0.1/turn               (no ring)

@: lethally poisoned (0 -> -3), sanguine armour
A: antennae 1, sanguine armour 1
a: Renounce Religion


You were on level 4 of the Dungeon.
You worshipped Ru.
Ru was noncommittal.
You were not hungry.

You visited 1 branch of the dungeon, and saw 4 of its levels.

You collected 216 gold pieces.

Inventory:

Hand Weapons
 a - a +0 war axe (weapon)
Missiles
 n - 5 tomahawks (quivered)
Armour
 b - a +0 scale mail (worn)
 c - a +0 shield (worn)
Jewellery
 q - an uncursed ring of magical power {unknown}
Wands
 r - a wand of enslavement (15/24)
 x - a wand of lightning (8/15)
Scrolls
 g - a scroll of noise {unknown}
 h - 3 scrolls of teleportation {unknown}
 i - a scroll of remove curse {unknown}
 j - a scroll of immolation {unknown}
 m - a scroll of blinking {unknown}
 p - a scroll of enchant armour {unknown}
 s - 2 scrolls of recharging {unknown}
 t - a scroll of magic mapping {unknown}
 w - a scroll of enchant weapon {unknown}
Potions
 d - a potion of might
 e - 2 potions of curing
 v - a potion of heal wounds {unknown}
 z - a potion of haste {unknown}
 A - a potion of invisibility {unknown}
Comestibles
 f - 4 bread rations
 k - 5 fruits
 l - a royal jelly
 o - 3 meat rations


   Skills:
 - Level 3.0 Fighting
 + Level 4.6 Axes
 - Level 2.6 Armour
 - Level 2.6 Shields


You had 3 spell levels left.
You didn't know any spells.

Dungeon Overview and Level Annotations

Branches:
Dungeon (4/15)
 Temple: D:4-7

Altars:
Cheibriados
Elyvilon
Fedhas
Ru
Sif Muna
Xom
Yredelemnul


Innate Abilities, Weirdness & Mutations

You have a pair of small antennae on your head.
When seriously injured, your bleeding wounds create armour. (AC +6)


Message History

The worker ant is severely wounded.
You feel sick.
The worker ant bites you but does no damage.
The worker ant barely misses you.
You hit the worker ant.
The worker ant is almost dead.
You feel sick. The worker ant bites you.
* * * LOW HITPOINT WARNING * * *
The worker ant bites you but does no damage.
You closely miss the worker ant.
The worker ant is almost dead.
The worker ant bites you.
* * * LOW HITPOINT WARNING * * *
You closely miss the worker ant.
The worker ant is almost dead.
* * * LOW HITPOINT WARNING * * *
You feel sick.
The worker ant bites you but does no damage.
The worker ant bites you.
You die...

#............## ##...#
.#####.######.###.#.##
#.# ##.#...... ##.#
#..###### #.># #.##
#.## #.# #.# #.# #.#
#.# #@# #.# #a# #.##
#.# ..########..# #.#
#............# #.#
#..########..# #.#
#..# #..# #.# ..(#
#..# #.#
......#####..###.#
#...........<#


You could see a worker ant.

Vanquished Creatures
  An orc priest (D:3)
  2 adders
  2 worms
  A dart slug (D:1)
  A leopard gecko (D:1)
  4 orcs (D:3)
  2 ball pythons
  2 giant cockroaches
  10 goblins
  2 hobgoblins
  13 jackals
  5 kobolds
  3 quokkas
  4 bats
  3 frilled lizards
  3 rats
58 creatures vanquished.

Notes
Turn   | Place    | Note
-------+----------+-------------------------------------------
     0 | D:1      | ReteAZ the Demonspawn Fighter began the quest for the Orb.
     0 | D:1      | Reached XP level 1. HP: 18/18 MP: 1/1
    45 | D:1      | Reached skill level 2 in Axes
    87 | D:1      | Gained mutation: You have a pair of small antennae on your head. [demonic ancestry]
    87 | D:1      | Reached XP level 2. HP: 17/24 MP: 2/2
   368 | D:1      | Reached skill level 3 in Axes
   804 | D:2      | Gained mutation: When seriously injured, your bleeding wounds create armour. (AC +6) [demonic ancestry]
   804 | D:2      | Reached XP level 3. HP: 20/29 MP: 3/3
  1275 | D:2      | Found a shimmering altar of Xom.
  1312 | D:2      | Found a white marble altar of Elyvilon.
  1482 | D:3      | Found a sacrificial altar of Ru.
  1488 | D:3      | Became a worshipper of Ru the Awakened
  1667 | D:3      | Found a blossoming altar of Fedhas.
  1669 | D:3      | Found a basalt altar of Yredelemnul.
  1684 | D:3      | Reached XP level 4. HP: 19/35 MP: 4/4
  1689 | D:3      | Found a snail-covered altar of Cheibriados.
  1709 | D:3      | Reached skill level 4 in Axes
  2463 | D:3      | Found a deep blue altar of Sif Muna.
  2875 | D:4      | Slain by a worker ant

Skill      XL: |  1  2  3  4 |
---------------+-------------+-----
Axes           | 2 3 4 |  4.6
Fighting       | |  3.0
Armour         | |  2.6
Shields        | |  2.6

Action                   |  1- 3 |  4- 6 || total
-------------------------+-------+-------++-------
Melee: War axe           |   190 |    84 ||   274
Throw: Tomahawk          |     8 |       ||     8
  Use: Potion            |     1 |     1 ||     2
  Eat: Chunk             |     3 |     4 ||     7
Armor: Scale mail        |   117 |    43 ||   160
       Skin              |       |     4 ||     4
Dodge: Dodged            |    66 |    29 ||    95
Block: Shield            |    97 |    28 ||   125
